 Dungeon Crawl Stone Soup version 0.18-a0-993-g4a3b7c7 (webtiles) character file.

527 Duffy the Caller (level 7, -13/46 HPs)
             Began as a Demonspawn Summoner on Jan 4, 2016.
             Killed by divine providence
             ... invoked by an orc priest
              (15 damage)
             ... on level 6 of the Dungeon.
             The game lasted 00:08:49 (6535 turns).

Duffy the Caller (Demonspawn Summoner)              Turns: 6535, Time: 00:08:49

Health: -13/46     AC:  7    Str:  8    XL:     7   Next: 3%
Magic:  2/13       EV: 16    Int: 22    God:
Gold:   136        SH:  0    Dex: 14    Spells: 4 memorised, 4 levels left

rFire  . . .     SeeInvis .     s - staff of poison
rCold  . . .     Gourm    .     a - +0 robe
rNeg   . . .     Faith    .     (no shield)
rPois  +         Spirit   .     (helmet restricted)
rElec  .         Dismiss  .     z - +0 cloak
rCorr  .         Reflect  .     B - +2 pair of gloves {archery}
SustAt .         Harm     .     p - +0 pair of boots
MR     .....                    (no amulet)
Stlth  +++.......               A - +4 ring of intelligence
                                i - +4 ring of evasion

@: very slightly contaminated, not resistant to hostile enchantments, fairly
stealthy
A: horns 1, nightstalker 1, sturdy frame 2
a: no special abilities


You were on level 6 of the Dungeon.
You were very hungry.

You visited 1 branch of the dungeon, and saw 6 of its levels.

You collected 262 gold pieces.
You spent 126 gold pieces at shops.


Innate Abilities, Weirdness & Mutations

You have a pair of small horns on your head.
You are slightly more attuned to the shadows.
Your movements are less encumbered by armour (ER -4).


   Skills:
 - Level 1.7 Dodging
 - Level 1.7 Stealth
 + Level 4.1 Spellcasting
 + Level 6.2 Summonings
 * Level 3.3 Ice Magic


You had 4 spell levels left.
You knew the following spells:

 Your Spells              Type           Power        Failure   Level  Hunger
a - Summon Small Mammal   Summ           ####         1%          1    None
i - Call Imp              Summ           ####....     1%          2    #......
l - Summon Ice Beast      Ice/Summ       ####....     17%         4    ####...
n - Call Canine Familiar  Summ           ####....     2%          3    ##.....

Inventory:

Missiles
 j - 137 stones (quivered)
 t - 34 poisoned needles
Armour
 a - a +0 robe (worn)
 p - a +0 pair of boots (worn)
 z - a +0 cloak (worn)
 B - a +2 pair of gloves of archery (worn)
Magical Staves
 s - an uncursed staff of poison (weapon)
Jewellery
 i - a +4 ring of evasion (left hand)
 l - an uncursed ring of protection from cold
 x - a +2 ring of intelligence
 A - a +4 ring of intelligence (right hand)
 D - an uncursed ring of poison resistance {unknown}
Wands
 q - a wand of teleportation (4/9)
Scrolls
 e - a scroll of fog {unknown}
 g - 3 scrolls of remove curse {unknown}
 h - 4 scrolls of enchant weapon {unknown}
 n - 2 scrolls of teleportation {unknown}
 o - 2 scrolls of random uselessness {unknown}
 v - a scroll of identify {unknown}
Potions
 d - a potion of resistance {unknown}
 k - a potion of curing {unknown}
 m - a potion of mutation {unknown}
 r - a potion of heal wounds {unknown}
 u - a potion of magic {unknown}
 w - 2 potions of might {unknown}
 C - a potion of brilliance {unknown}
Books
 b - a book of Callings
 y - a book of Death
Comestibles
 c - a bread ration
 f - 4 meat rations

Dungeon Overview and Level Annotations

Branches:
Dungeon (6/15)
 Temple: D:4-7

Altars:
Gozag
Trog

Shops:
D:4 [   D:5 =

Annotations:
D:3 Chiseanne's ghost, amateur DsWz


Message History

Your hound bites the orc priest but does no damage.
The orc priest calls down the wrath of Beogh upon you.
Your hound convulses in agony!
Your hound bites the orc priest.
Your hound barely misses the orc priest.
The orc priest hits your hound with a rapier.
Your hound dies!
Your hound's corpse disappears in a puff of smoke!
Your ice beast barely misses the orc priest.
The orc priest invokes the aid of Beogh against you.
Pain shoots through your body!
Your ice beast hits the orc priest but does no damage.
Your ice beast hits the orc priest but does no damage.
You are too injured to fight recklessly!
You are too injured to fight recklessly!
You closely miss the orc priest. The orc hits you with a hand axe.
The orc priest hits you but does no damage.
The orc priest invokes the aid of Beogh against you.
Something smites you!
Your ice beast hits the orc priest.
Your ice beast freezes the orc priest!
The orc priest dies!
You have reached level 7!
Your demonic ancestry asserts itself...
You feel less encumbered by your armour.
The orc priest hits you with a dagger.
You hear a shout!
You hit the orc priest but do no damage.
Your headbutt misses the orc priest. The orc misses you.
The orc hits you but does no damage. The orc priest closely misses you.
The orc closely misses you.
The orc hits your ice beast but does no damage.
Your ice beast barely misses the orc priest.
The orc priest calls down the wrath of Beogh upon you.
Something smites you!
You die...

... ##..# .....
#..## .....#####
#..#
?........####..#
..........##...#
...........#.#.#
...........#.#.#
....)Yo....#.#.#
......oo@..#.#.#
...........#...#
..............##
.........#..###
..............######
.<.....##.......(..#
.#####............#
.... #............#
... ...
#...........>.#


You could see an orc priest, 2 orcs and a friendly ice beast.

Action                   |  1- 3 |  4- 6 |  7- 9 || total
-------------------------+-------+-------+-------++-------
Melee: Unarmed           |     2 |       |       ||     2
       Staff             |       |    46 |     1 ||    47
Throw: Stone             |     4 |     2 |       ||     6
 Cast: Summon Small Mamm |    52 |       |       ||    52
       Call Imp          |    10 |    24 |       ||    34
       Call Canine Famil |    18 |    23 |       ||    41
       Summon Ice Beast  |       |     1 |       ||     1
 Stab: Distracted        |       |     1 |       ||     1
       Sleeping          |       |     1 |       ||     1
  Eat: Chunk             |    10 |     9 |       ||    19
       Beef jerky        |       |     1 |       ||     1
       Pizza             |       |     1 |       ||     1

Notes
Turn   | Place    | Note
--------------------------------------------------------------
     0 | D:1      | Duffy the Demonspawn Summoner began the quest for the Orb.
     0 | D:1      | Reached XP level 1. HP: 13/13 MP: 3/3
   427 | D:1      | Gained mutation: You are slightly more attuned to the shadows. [demonic ancestry]
   427 | D:1      | Reached XP level 2. HP: 19/19 MP: 1/5
   431 | D:1      | Learned a level 2 spell: Call Imp
  1680 | D:1      | Reached XP level 3. HP: 17/24 MP: 2/6
  1691 | D:1      | Learned a level 3 spell: Call Canine Familiar
  2840 | D:3      | Noticed Chiseanne's ghost (amateur DsWz)
  3402 | D:4      | Reached skill level 5 in Summonings
  3478 | D:4      | Found Duup's Antique Armour Boutique.
  3525 | D:4      | Reached skill level 3 in Spellcasting
  3525 | D:4      | Gained mutation: You have a pair of small horns on your head. [demonic ancestry]
  3525 | D:4      | Reached XP level 4. HP: 30/30 MP: 4/8
  4240 | D:5      | Entered Level 5 of the Dungeon
  4440 | D:5      | Noticed Menkaure
  4452 | D:5      | Killed Menkaure
  4452 | D:5      | Reached XP level 5. HP: 18/35 MP: 2/10
  4458 | D:5      | Learned a level 4 spell: Summon Ice Beast
  4639 | D:5      | Found an opulent altar of Gozag.
  4946 | D:5      | Reached skill level 1 in Ice Magic
  5153 | D:5      | Noticed a sky beast
  5167 | D:5      | Killed a sky beast
  5167 | D:5      | Gained mutation: Your movements are slightly less encumbered by armour (ER -2). [demonic ancestry]
  5167 | D:5      | Reached XP level 6. HP: 41/41 MP: 1/11
  5191 | D:5      | Reached skill level 6 in Summonings
  5191 | D:5      | Reached skill level 2 in Ice Magic
  5584 | D:5      | Found a bloodstained altar of Trog.
  5896 | D:5      | Found Caxuss's Jewellery Shop.
  6038 | D:4      | Bought a pair of embroidered gloves for 126 gold pieces
  6092 | D:6      | Noticed a sky beast
  6109 | D:6      | Killed a sky beast
  6109 | D:6      | Reached skill level 4 in Spellcasting
  6131 | D:6      | Reached skill level 3 in Ice Magic
  6519 | D:6      | Noticed an orc warrior
  6533 | D:6      | Gained mutation: Your movements are less encumbered by armour (ER -4). [demonic ancestry]
  6533 | D:6      | Reached XP level 7. HP: 5/46 MP: 2/13
  6535 | D:6      | Killed from afar by an orc priest

Vault maps used:
D:1:      sevenhm_arrival_forest_fort_small_6, kennysheep_minor_cross
D:3:      first_bread, minmay_misc_feat_doors, grunt_decor_arrowhead
D:4:      serial_shops, nicolae_shop_statue_plus
D:5:      kennysheep_mini, serial_shops, nicolae_shop_window_shopping,
          corner_web_ring, kennysheep_diamond, grunt_gozag_breadcrumbs,
          uniq_menkaure
D:6:      st_stairs_4

Vanquished Creatures
  Menkaure
  2 sky beasts
  A wyvern skeleton
  3 crimson imps
  2 giant frog skeletons
  2 orc priests
  An iguana
  4 orc wizards
  2 worker ants
  2 worker ant zombies
  A gnoll
  6 adders
  An ooze
  A giant gecko
  14 orcs
  3 bats
  5 giant cockroaches
  5 goblins
  7 hobgoblins
  2 jackals
  3 quokkas
  2 ball pythons
  6 giant newts
  A jackal skeleton
  3 kobolds
  10 rats
90 creatures vanquished.
